| TOP OF THE 1ST |
|
Montreal Expos batting - Pitching for Baltimore Orioles : RHP Dave Reisinger
|
|
Pitching: RHP Dave Reisinger
|
|
|
Batting: RHB C.J. Beavers
|
0-0: Ball 1-0: Swinging Strike 1-1: Ground out U3 (Groundball, 3S, EV 60.6 MPH)
|
|
Batting: RHB Hugo Bautista
|
0-0: Ball 1-0: Ball 2-0: Ball 3-0: Base on Balls
|
|
Batting: LHB Austin Ohmer
|
0-0: Ball 1-0: Called Strike 1-1: Foul Ball, location: 2F 1-2: Ball 2-2: Ball 3-2: Foul Ball, location: 2F 3-2: Base on Balls Hugo Bautista to second
|
|
Batting: RHB Mike Salmon
|
0-0: Ball 1-0: Grounds into double play, 4-6-3 (Groundball, 34D, EV 77.5 MPH)
|
| Top of the 1st over - 0 runs, 0 hits, 0 errors, 1 left on base; Montreal 0 - Baltimore 0 |
| BOTTOM OF THE 1ST |
|
Baltimore Orioles batting - Pitching for Montreal Expos : RHP Link Zeller
|
|
Pitching: RHP Link Zeller
|
|
|
Batting: RHB Rudo Garciaparra
|
0-0: Called Strike 0-1: Ball 1-1: Fly out, F8 (Flyball, 8LD, EV 95.0 MPH)
|
|
Batting: RHB Marc Peckermark
|
0-0: Called Strike 0-1: Called Strike 0-2: Fly out, F7 (Flyball, 7D, EV 80.6 MPH)
|
|
Batting: RHB Saimei Kudo
|
0-0: Ball 1-0: Called Strike 1-1: Ground out 6-3 (Groundball, 6, EV 83.1 MPH)
|
| Bottom of the 1st over - 0 runs, 0 hits, 0 errors, 0 left on base; Montreal 0 - Baltimore 0 |
| TOP OF THE 2ND |
|
Montreal Expos batting - Pitching for Baltimore Orioles : RHP Dave Reisinger
|
|
Batting: RHB Steve French
|
0-0: Ball 1-0: SOLO HOME RUN (Flyball, 7D, EV 98.8 MPH), Distance : 374 ft
|
|
Batting: LHB Steve Anderson
|
0-0: Ball 1-0: Ball 2-0: Ball 3-0: Called Strike 3-1: Foul Ball, location: 2F 3-2: Strikes out swinging
|
|
Batting: RHB John Ham
|
0-0: Called Strike 0-1: Swinging Strike 0-2: Ball 1-2: Ground out 6-3 (Groundball, 6, EV 87.5 MPH)
|
|
Batting: RHB Eugênio Asceno
|
0-0: Called Strike 0-1: Ball 1-1: Ball 2-1: Foul Ball, location: 2F 2-2: Strikes out swinging
|
| Top of the 2nd over - 1 run, 1 hit, 0 errors, 0 left on base; Montreal 1 - Baltimore 0 |
| BOTTOM OF THE 2ND |
|
Baltimore Orioles batting - Pitching for Montreal Expos : RHP Link Zeller
|
|
Batting: SHB Jason Hayes
|
0-0: Ball 1-0: Ball 2-0: SINGLE (Groundball, 34S, EV 66.9 MPH) (infield hit)
|
|
Batting: SHB Robert Handy
|
0-0: Ball 1-0: Ground out 6-3 (Groundball, 4, EV 100.0 MPH) Jason Hayes to second
|
|
Batting: RHB Randy Johnson Jr.
|
0-0: Ball 1-0: Called Strike 1-1: Ball 2-1: Foul Ball, location: 2F 2-2: Foul Ball, location: 2F 2-2: Foul Ball, location: 2F 2-2: Strikes out looking
|
|
Batting: LHB Bob Melley
|
0-0: Foul Ball, location: 2F 0-1: Foul Ball, location: 2F 0-2: Foul Ball, location: 2F 0-2: Ground out 4-3 (Groundball, 4, EV 82.5 MPH)
|
| Bottom of the 2nd over - 0 runs, 1 hit, 0 errors, 1 left on base; Montreal 1 - Baltimore 0 |
| TOP OF THE 3RD |
|
Montreal Expos batting - Pitching for Baltimore Orioles : RHP Dave Reisinger
|
|
Batting: RHB Robby Juarez
|
0-0: Swinging Strike 0-1: Ball 1-1: Ball 2-1: Swinging Strike 2-2: Ground out 6-3 (Groundball, 4M, EV 94.4 MPH)
|
|
Batting: RHB C.J. Beavers
|
0-0: Called Strike 0-1: Ball 1-1: Foul Ball, location: 2F 1-2: Strikes out swinging
|
|
Batting: RHB Hugo Bautista
|
0-0: Ball 1-0: Foul Ball, location: 2F 1-1: Ball 2-1: Called Strike 2-2: Ball 3-2: Ground out 5-3 (Groundball, 56S, EV 84.4 MPH)
|
| Top of the 3rd over - 0 runs, 0 hits, 0 errors, 0 left on base; Montreal 1 - Baltimore 0 |
| BOTTOM OF THE 3RD |
|
Baltimore Orioles batting - Pitching for Montreal Expos : RHP Link Zeller
|
|
Batting: RHB Blake Ballard
|
0-0: Called Strike 0-1: Ball 1-1: Ball 2-1: Swinging Strike 2-2: Ball 3-2: Base on Balls
|
|
Batting: RHB Jesse Basich
|
0-0: Foul Ball, location: 2F Balk! Blake Ballard to second 0-1: Ball 1-1: Called Strike 1-2: Strikes out swinging
|
|
Batting: RHB Rudo Garciaparra
|
0-0: Ball 1-0: Foul Ball, location: 2F 1-1: Ball Blake Ballard steals 3rd base 2-1: Ball 3-1: Foul Ball, location: 2F 3-2: Foul Ball, location: 2F 3-2: SINGLE (Groundball, 4M, EV 86.9 MPH) (infield hit) Blake Ballard scores
|
|
Batting: RHB Marc Peckermark
|
0-0: Ball 1-0: Swinging Strike 1-1: Called Strike Rudo Garciaparra steals 2nd base 1-2: Ground out 5-3 (Groundball, 56, EV 101.9 MPH)
|
|
Batting: RHB Saimei Kudo
|
0-0: Called Strike 0-1: Foul Ball, location: 2F 0-2: Ball 1-2: Strikes out swinging
|
| Bottom of the 3rd over - 1 run, 1 hit, 0 errors, 1 left on base; Montreal 1 - Baltimore 1 |
| TOP OF THE 4TH |
|
Montreal Expos batting - Pitching for Baltimore Orioles : RHP Dave Reisinger
|
|
Batting: LHB Austin Ohmer
|
0-0: Swinging Strike 0-1: Called Strike 0-2: Ball 1-2: SINGLE (Flyball, 3D, EV 89.4 MPH)
|
|
Batting: RHB Mike Salmon
|
0-0: Ball Austin Ohmer steals 2nd base 1-0: Foul Ball, location: 2F 1-1: Foul Ball, location: 2F 1-2: Ball 2-2: Reached on error, E6 (Groundball, 6S, EV 66.9 MPH) Austin Ohmer to third
|
|
Batting: RHB Steve French
|
0-0: Grounds into double play, 6-4-3 (Groundball, 6, EV 81.9 MPH) Austin Ohmer scores
|
|
Batting: LHB Steve Anderson
|
0-0: Fly out, F8 (Flyball, 8LXD, EV 108.8 MPH)
|
| Top of the 4th over - 1 run, 1 hit, 1 error, 0 left on base; Montreal 2 - Baltimore 1 |
| BOTTOM OF THE 4TH |
|
Baltimore Orioles batting - Pitching for Montreal Expos : RHP Link Zeller
|
|
Batting: SHB Jason Hayes
|
0-0: Ball 1-0: Ball 2-0: Ball 3-0: Base on Balls
|
|
Batting: SHB Robert Handy
|
0-0: Ball 1-0: Ball 2-0: Called Strike 2-1: Ball 3-1: Base on Balls Jason Hayes to second
|
|
Batting: RHB Randy Johnson Jr.
|
0-0: Swinging Strike 0-1: Grounds into double play, 6-4-3 (Groundball, 6, EV 105.0 MPH) Jason Hayes to third
|
|
Batting: LHB Bob Melley
|
0-0: Foul Ball, location: 2F 0-1: Called Strike 0-2: Ball 1-2: Fly out, F4 (Line Drive, 34, EV 65.0 MPH)
|
| Bottom of the 4th over - 0 runs, 0 hits, 0 errors, 1 left on base; Montreal 2 - Baltimore 1 |
| TOP OF THE 5TH |
|
Montreal Expos batting - Pitching for Baltimore Orioles : RHP Dave Reisinger
|
|
Batting: RHB John Ham
|
0-0: Called Strike 0-1: Ball 1-1: Foul Ball, location: 2F 1-2: Foul Ball, location: 2F 1-2: Strikes out swinging
|
|
Batting: RHB Eugênio Asceno
|
0-0: Called Strike 0-1: SINGLE (Flyball, 78S, EV 94.4 MPH)
|
|
Batting: RHB Robby Juarez
|
0-0: SINGLE (Line Drive, 7LS, EV 96.2 MPH) Eugênio Asceno to second Runner from 2nd tries for 3rd, SAFE, throw by LF made to third
|
|
Batting: RHB C.J. Beavers
|
0-0: Ball Robby Juarez steals 2nd base (no throw) 1-0: Ball 2-0: Ball 3-0: Swinging Strike 3-1: Base on Balls
|
|
Batting: RHB Hugo Bautista
|
0-0: SINGLE (Groundball, 56, EV 106.9 MPH) (infield hit) Eugênio Asceno scores Robby Juarez to third C.J. Beavers to second
|
|
Batting: LHB Austin Ohmer
|
0-0: Ball 1-0: Ball 2-0: Called Strike 2-1: SINGLE (Line Drive, 8RS, EV 97.5 MPH) Robby Juarez scores C.J. Beavers to third Hugo Bautista to second Runner from 3rd tries for Home, SAFE, throw by CF to home
|
|
Pitching: RHP Jay Rapini
|
|
|
Batting: RHB Mike Salmon
|
0-0: Ball 1-0: Called Strike 1-1: Foul Ball, location: 2F 1-2: Ball 2-2: Ball 3-2: Foul Ball, location: 2F 3-2: Base on Balls Hugo Bautista to third Austin Ohmer to second
|
|
Batting: RHB Steve French
|
0-0: Foul Ball, location: 2F 0-1: Grounds into double play, 5-4-3 (Groundball, 56S, EV 83.8 MPH)
|
| Top of the 5th over - 3 runs, 4 hits, 0 errors, 2 left on base; Montreal 5 - Baltimore 1 |
| BOTTOM OF THE 5TH |
|
Baltimore Orioles batting - Pitching for Montreal Expos : RHP Link Zeller
|
|
Batting: RHB Blake Ballard
|
0-0: Ball 1-0: Ball 2-0: Ball 3-0: Base on Balls
|
|
Batting: RHB Jesse Basich
|
0-0: Ball 1-0: Called Strike 1-1: Ground out 6-3 (Groundball, 6S, EV 73.8 MPH) Blake Ballard to second
|
|
Batting: RHB Rudo Garciaparra
|
0-0: Ball 1-0: Ball 2-0: Ball 3-0: Base on Balls
|
|
Batting: RHB Marc Peckermark
|
0-0: Ball 1-0: Grounds into double play, 6-4-3 (Groundball, 6, EV 78.1 MPH)
|
| Bottom of the 5th over - 0 runs, 0 hits, 0 errors, 1 left on base; Montreal 5 - Baltimore 1 |
| TOP OF THE 6TH |
|
Montreal Expos batting - Pitching for Baltimore Orioles : RHP Jay Rapini
|
|
Batting: LHB Steve Anderson
|
0-0: Ball 1-0: Ball 2-0: Fly out, F8 (Flyball, 8RS, EV 96.2 MPH)
|
|
Batting: RHB John Ham
|
0-0: Swinging Strike 0-1: Foul Ball, location: 2F 0-2: Ball 1-2: Ball 2-2: DOUBLE (Flyball, 89D, EV 109.4 MPH)
|
|
Batting: RHB Eugênio Asceno
|
0-0: Called Strike 0-1: Called Strike 0-2: Ball 1-2: Ball 2-2: Ball 3-2: Foul Ball, location: 2F 3-2: Strikes out looking
|
|
Batting: RHB Robby Juarez
|
0-0: Fly out, F8 (Flyball, 8LS, EV 83.8 MPH)
|
| Top of the 6th over - 0 runs, 1 hit, 0 errors, 1 left on base; Montreal 5 - Baltimore 1 |
| BOTTOM OF THE 6TH |
|
Baltimore Orioles batting - Pitching for Montreal Expos : RHP Link Zeller
|
|
Batting: RHB Saimei Kudo
|
0-0: Ball 1-0: Swinging Strike 1-1: Ball 2-1: Fly out, F6 (Flyball, 6D, EV 93.1 MPH)
|
|
Batting: SHB Jason Hayes
|
0-0: Ball 1-0: Foul Ball, location: 2F 1-1: Swinging Strike 1-2: SOLO HOME RUN (Flyball, 89XD, EV 115.6 MPH), Distance : 459 ft
|
|
Batting: SHB Robert Handy
|
0-0: Ball 1-0: SINGLE (Line Drive, 6MD, EV 96.2 MPH)
|
|
Batting: RHB Randy Johnson Jr.
|
0-0: Called Strike 0-1: Ball 1-1: Called Strike 1-2: Foul Ball, location: 2F 1-2: Fly out, F8 (Flyball, 8LXD, EV 103.8 MPH)
|
|
Batting: LHB Bob Melley
|
0-0: Swinging Strike 0-1: Foul Ball, location: 2F 0-2: Ball 1-2: Foul Ball, location: 2F 1-2: SINGLE (Groundball, 34D, EV 102.5 MPH) Robert Handy to second
|
|
Batting: RHB Blake Ballard
|
0-0: Ball 1-0: Called Strike 1-1: Fly out, F9 (Flyball, 89M, EV 77.5 MPH)
|
| Bottom of the 6th over - 1 run, 3 hits, 0 errors, 2 left on base; Montreal 5 - Baltimore 2 |
| TOP OF THE 7TH |
|
Montreal Expos batting - Pitching for Baltimore Orioles : RHP Jay Rapini
|
|
Pitching: RHP Bobby Marble
|
|
|
Batting: RHB C.J. Beavers
|
0-0: Ball 1-0: Fly out, F4 (Popup, 34D, EV 45.6 MPH)
|
|
Batting: RHB Hugo Bautista
|
0-0: Called Strike 0-1: Ball 1-1: Ball 2-1: Ground out U3 (Groundball, 34, EV 84.4 MPH)
|
|
Batting: LHB Austin Ohmer
|
0-0: Called Strike 0-1: DOUBLE (Flyball, 8RXD, EV 103.1 MPH)
|
|
Batting: RHB Mike Salmon
|
0-0: Foul Ball, location: 2F 0-1: Ball 1-1: Ball 2-1: Ball 3-1: Ground out 5-3 (Groundball, 56S, EV 81.9 MPH)
|
| Top of the 7th over - 0 runs, 1 hit, 0 errors, 1 left on base; Montreal 5 - Baltimore 2 |
| BOTTOM OF THE 7TH |
|
Baltimore Orioles batting - Pitching for Montreal Expos : RHP Link Zeller
|
|
Batting: RHB Jesse Basich
|
0-0: Called Strike 0-1: Foul Ball, location: 2F 0-2: Strikes out swinging
|
|
Batting: RHB Rudo Garciaparra
|
0-0: Reached on error, E7 (Flyball, 7, EV 96.2 MPH)
|
|
Batting: RHB Marc Peckermark
|
0-0: Foul Ball, location: 2F 0-1: Fly out, F8 (Flyball, 8RM, EV 94.4 MPH)
|
|
Batting: RHB Saimei Kudo
|
0-0: Foul Ball, location: 2F 0-1: Ball 1-1: Called Strike 1-2: Strikes out swinging
|
| Bottom of the 7th over - 0 runs, 0 hits, 1 error, 1 left on base; Montreal 5 - Baltimore 2 |
| TOP OF THE 8TH |
|
Montreal Expos batting - Pitching for Baltimore Orioles : RHP Bobby Marble
|
|
Batting: RHB Steve French
|
0-0: Fly out, F3 (Line Drive, 34, EV 71.9 MPH)
|
|
Batting: LHB Steve Anderson
|
0-0: Called Strike 0-1: Ball 1-1: Called Strike 1-2: Strikes out swinging
|
|
Batting: RHB John Ham
|
0-0: Ball 1-0: Foul Ball, location: 2F 1-1: Ball 2-1: Ground out 5-3 (Groundball, 5, EV 99.4 MPH)
|
| Top of the 8th over - 0 runs, 0 hits, 0 errors, 0 left on base; Montreal 5 - Baltimore 2 |
| BOTTOM OF THE 8TH |
|
Baltimore Orioles batting - Pitching for Montreal Expos : RHP Link Zeller
|
|
Batting: SHB Jason Hayes
|
0-0: Called Strike 0-1: SOLO HOME RUN (Line Drive, 9LD, EV 102.5 MPH), Distance : 387 ft
|
|
Pitching: LHP Anass Rhammar
|
|
|
Batting: SHB Robert Handy
|
0-0: Swinging Strike 0-1: Ball 1-1: Swinging Strike 1-2: Strikes out swinging
|
|
Batting: RHB Randy Johnson Jr.
|
0-0: Ball 1-0: Ball 2-0: SINGLE (Groundball, 6MD, EV 103.8 MPH)
|
|
Batting: LHB Bob Melley
|
0-0: Called Strike 0-1: Swinging Strike 0-2: SINGLE (Groundball, 4D, EV 98.1 MPH) Randy Johnson Jr. to second Runner from 2nd tries for 3rd, SAFE, throw by CF made to third
|
|
Batting: RHB Blake Ballard
|
0-0: Swinging Strike 0-1: Ball 1-1: Called Strike 1-2: Ground out 6-3 (Groundball, 6M, EV 83.8 MPH) Randy Johnson Jr. scores Bob Melley to second
|
|
Batting: RHB Jesse Basich
|
0-0: Called Strike 0-1: Ball 1-1: Foul Ball, location: 2F 1-2: Ball 2-2: Ball 3-2: Base on Balls
|
|
Batting: RHB Rudo Garciaparra
|
0-0: Ball 1-0: Foul Ball, location: 2F 1-1: Ball 2-1: Ball 3-1: Called Strike 3-2: SINGLE (Line Drive, 34D, EV 107.5 MPH) Bob Melley to third Jesse Basich to second Bob Melley scores Jesse Basich to third
|
|
Batting: RHB Marc Peckermark
|
0-0: Ball 1-0: Ball 2-0: Ball 3-0: Called Strike 3-1: Ground out 4-3 (Groundball, 4, EV 91.2 MPH)
|
| Bottom of the 8th over - 3 runs, 4 hits, 0 errors, 2 left on base; Montreal 5 - Baltimore 5 |
| TOP OF THE 9TH |
|
Montreal Expos batting - Pitching for Baltimore Orioles : RHP Bobby Marble
|
|
Pitching: RHP Chris Dauphin
|
|
|
Pinch Hitting: SHB Pete Barutha
|
0-0: Foul Ball, location: 2F 0-1: Ball 1-1: Foul Ball, location: 2F 1-2: Strikes out swinging
|
|
Batting: RHB Robby Juarez
|
0-0: Ball 1-0: Ball 2-0: Ball 3-0: Base on Balls
|
|
Batting: RHB C.J. Beavers
|
0-0: Called Strike 0-1: Ball 1-1: Ball 2-1: Foul Ball, location: 2F 2-2: Ball 3-2: Foul Ball, location: 2F 3-2: Fly out, F6 (Line Drive, 6, EV 66.2 MPH)
|
|
Batting: RHB Hugo Bautista
|
0-0: Foul Ball, location: 2F 0-1: Fly out, F4 (Popup, 3D, EV 46.2 MPH)
|
| Top of the 9th over - 0 runs, 0 hits, 0 errors, 1 left on base; Montreal 5 - Baltimore 5 |
| BOTTOM OF THE 9TH |
|
Baltimore Orioles batting - Pitching for Montreal Expos : LHP Anass Rhammar
|
|
Pitching: RHP Jakub Kvacek
|
|
|
Now at C: Nick Sharp
|
|
|
Batting: RHB Saimei Kudo
|
0-0: Ball 1-0: SOLO HOME RUN (Flyball, 7D, EV 100.6 MPH), Distance : 377 ft
|
| Bottom of the 9th over - 1 run, 1 hit, 0 errors, 0 left on base; Montreal 5 - Baltimore 6 |
|